 Dungeon Crawl Stone Soup version 0.29.1-2-gbd0b4ee654 (webtiles) character file.

Game seed: 5007198614477061532

1236 witty the Chopper (level 8, -1/67 HPs)
             Began as a Gnoll Cinder Acolyte on Oct 31, 2022.
             Was an Elder of Ignis.
             Slain by a river rat (2 damage)
             ... summoned by Eustachio
             ... on level 6 of the Dungeon.
             The game lasted 00:15:30 (7001 turns).

witty the Chopper (Gnoll Cinder Acolyte)            Turns: 7001, Time: 00:15:31

Health: -1/67      AC:  2    Str: 16    XL:     8   Next: 49%
Magic:  1/14       EV:  2    Int: 13    God:    Ignis [****..]
Gold:   320        SH:  0    Dex: -5 (8) Spells: 14/16 levels left

rFire   + . .      SeeInvis .   a - -1 hand axe (flame)
rCold   . . .      Faith    .   (no shield)
rNeg    . . .      Spirit   .   b - +0 robe
rPois   +          Reflect  .   (no helmet)
rElec   .          Harm     .   (no cloak)
rCorr   +          Rampage  .   (no gloves)
Will    .....                   (no boots)
Stlth   ..........              (no amulet)
HPRegen 0.21/turn               x - ring of resist corrosion
MPRegen 0.14/turn               D - ring of poison resistance

@: hasted and slowed, lost dexterity
A: fangs 1, strong nose, distributed training
a: Renounce Religion, Fiery Armour, Foxfire Swarm, Rising Flame


You were on level 6 of the Dungeon.
You worshipped Ignis.
Ignis was greatly pleased with you.
You visited 1 branch of the dungeon, and saw 6 of its levels.
You also visited: Sewer.

You collected 320 gold pieces.

Inventory:

Hand Weapons
 a - a -1 hand axe of flaming (weapon)
 n - a +0 arbalest
 t - a +2 flail of protection
Missiles
 o - 6 boomerangs (quivered)
 u - 17 stones
Armour
 b - a +0 robe (worn)
 z - a +0 scale mail
Jewellery
 v - a ring of protection from fire
 x - a ring of resist corrosion (left hand)
 D - a ring of poison resistance (right hand)
Scrolls
 c - 2 scrolls of blinking
 d - 2 scrolls of immolation {unknown}
 m - a scroll of enchant weapon {unknown}
 p - 3 scrolls of identify {unknown}
 q - a scroll of amnesia {unknown}
 s - a scroll of fear {unknown}
 w - a scroll of noise {unknown}
 A - a scroll of teleportation {unknown}
 C - a scroll of magic mapping {unknown}
Potions
 e - a potion of haste
 f - a potion of invisibility {unknown}
 g - 2 potions of heal wounds {unknown}
 h - a potion of flight {unknown}
 i - a potion of brilliance {unknown}
 j - a potion of might {unknown}
 k - a potion of magic {unknown}
 l - 4 potions of curing {unknown}
 r - 2 potions of attraction {unknown}
 B - a potion of cancellation {unknown}
 E - a potion of mutation {unknown}
 F - a potion of lignification {unknown}
Miscellaneous
 y - a lightning rod (4/4)


   Skills:
 + Level 7.4 Fighting
 + Level 3.4 Short Blades
 + Level 3.4 Long Blades
 + Level 7.4 Axes
 + Level 3.4 Maces & Flails
 + Level 3.4 Polearms
 + Level 3.4 Staves
 + Level 3.4 Ranged Weapons
 + Level 3.4 Throwing
 + Level 3.4 Armour
 + Level 3.4 Dodging
 + Level 3.4 Stealth
 + Level 3.4 Shields
 + Level 3.4 Unarmed Combat
 + Level 4.5 Spellcasting
 + Level 2.8 Conjurations
 + Level 2.8 Hexes
 + Level 2.8 Summonings
 + Level 2.8 Necromancy
 + Level 2.8 Translocations
 + Level 2.8 Transmutations
 + Level 6.2 Fire Magic
 + Level 2.8 Ice Magic
 + Level 2.8 Air Magic
 + Level 2.8 Earth Magic
 + Level 2.8 Poison Magic
 + Level 3.8 Invocations
 + Level 3.4 Evocations


You had 14 spell levels left.
You knew the following spells:

 Your Spells              Type           Power      Damage    Failure   Level
a - Scorch                Fire           38%        2d6       2%          2

Your spell library contained the following spells:

 Spells                   Type           Power      Damage    Failure   Level
 Ignite Poison            Fire/Tmut/Pois 13%        N/A       12%         3
 Mephitic Cloud           Conj/Pois/Air  10%        N/A       19%         3
 Animate Armour           Summ/Erth      20%        N/A       52%         4
 Blade Hands              Tmut           5%         N/A       86%         5
 Freezing Cloud           Conj/Ice/Air   5%         6-21      86%         5
 Iron Shot                Conj/Erth      5%         9d2       100%        6


Dungeon Overview and Level Annotations

Branches:
Dungeon (6/15)              Sewer (visited)
 Temple: D:4-7

Altars:
Kikubaaqudgha

Annotations:
D:6 Eustachio


Innate Abilities, Weirdness & Mutations

You have very sharp teeth.
Your uncanny sense of smell can sniff out nearby items.
Your experience applies equally to all skills.


Message History

You can move again.
The quasit bites you but does no damage.
The quasit claws you. x2
You feel clumsy. The quasit attacks as you move away! The quasit bites you.
The quasit claws you but does no damage.
The quasit barely misses you.
The quasit bites you but does no damage.
The quasit claws you but does no damage.
The quasit claws you.
You feel clumsy.
You hit the quasit but do no damage.
The quasit disappears in a puff of smoke!
Unknown command.
You hit the white imp but do no damage.
The white imp disappears in a puff of smoke!
You hit the river rat but do no damage. The river rat bites you.
Eustachio gestures wildly while chanting.
The river rat bites you.
* * * LOW HITPOINT WARNING * * *
Casting: Scorch (safe; 2% risk of failure)
Confirm with . or Enter, or press ? or * to list all spells.
Flames lash the bat.
You kill the bat!
The bat's corpse disappears in a puff of smoke!
The river rat bites you.
* * * LOW HITPOINT WARNING * * *
Casting: Scorch (safe; 2% risk of failure)
Confirm with . or Enter, or press ? or * to list all spells.
Flames lash Eustachio.
Eustachio is almost dead.
Eustachio's fire resistance burns away.
The river rat bites you!
* * * LOW HITPOINT WARNING * * *
The river rat bites you!
* * * LOW HITPOINT WARNING * * *
Casting: Scorch (safe; 2% risk of failure)
Confirm with . or Enter, or press ? or * to list all spells.
You don't know that spell.
It was a potion of haste.
You feel yourself speed up. The river rat bites you.
You die...

#.#.#######.#
##.#.........# ##
#.........#..# #.#
#####.##..#..#...## #.#
#.....##...........
#.##.###.###.#...>.#
##.......###.#.....#
#.....#............#
#.#....#.@.#####..<##
##.##..#####r# #...#
..........#..@# #...#
....#..#..#5#######...#####
... #.....@5555.@..........
.. #.##.#.r.§.............
. #>...#.#...............
...###.########...##### ∆
.##. #.# #...#


You could see Eustachio (combustible) and a river rat (summoned).

Vanquished Creatures
  Grinder (D:5)
  Prince Ribbit (D:6)
  An ogre (D:4)
  A centaur (D:6)
  A necrophage (D:4)
  A bullfrog (Sewer)
  2 howler monkeys
  An orc priest (D:5)
  2 hounds
  A jelly (D:6)
  A gnoll bouda (D:4)
  Jessica (D:3)
  An iguana (D:4)
  An orc wizard (D:3)
  9 adders
  7 gnolls
  An ufetubus (D:5)
  2 worms
  8 orcs
  16 endoplasms
  13 giant cockroaches
  4 goblins
  4 hobgoblins
  3 jackals (D:5)
  9 quokkas
  9 ball pythons
  A bat (D:2)
  12 frilled lizards
  3 kobolds
  4 rats
121 creatures vanquished.

Vanquished Creatures (others)
  40 foxfires
  2 plants (D:1)
42 creatures vanquished.

Grand Total: 163 creatures vanquished

Notes
Turn   | Place    | Note
-------+----------+-------------------------------------------
     0 | D:1      | witty the Gnoll Cinder Acolyte began the quest for the Orb.
     0 | D:1      | Reached XP level 1. HP: 23/23 MP: 4/4
   310 | D:1      | Reached XP level 2. HP: 28/29 MP: 5/5
   712 | D:2      | Reached XP level 3. HP: 18/35 MP: 7/7
   889 | D:2      | Learned a level 2 spell: Scorch
  1251 | D:2      | Found a faded altar of an unknown god.
  1838 | D:3      | Noticed Jessica
  1842 | D:3      | Killed Jessica
  1843 | D:3      | Reached skill level 1 in Short Blades
  1843 | D:3      | Reached skill level 1 in Long Blades
  1843 | D:3      | Reached skill level 1 in Maces & Flails
  1843 | D:3      | Reached skill level 1 in Polearms
  1843 | D:3      | Reached skill level 1 in Staves
  1843 | D:3      | Reached skill level 1 in Ranged Weapons
  1843 | D:3      | Reached skill level 1 in Throwing
  1843 | D:3      | Reached skill level 1 in Armour
  1843 | D:3      | Reached skill level 1 in Dodging
  1843 | D:3      | Reached skill level 1 in Stealth
  1843 | D:3      | Reached skill level 1 in Shields
  1843 | D:3      | Reached skill level 1 in Unarmed Combat
  1843 | D:3      | Reached skill level 1 in Invocations
  1843 | D:3      | Reached skill level 1 in Evocations
  1843 | D:3      | Reached XP level 4. HP: 41/41 MP: 5/8
  2013 | D:3      | Reached skill level 1 in Conjurations
  2013 | D:3      | Reached skill level 1 in Hexes
  2013 | D:3      | Reached skill level 1 in Summonings
  2013 | D:3      | Reached skill level 1 in Necromancy
  2013 | D:3      | Reached skill level 1 in Translocations
  2013 | D:3      | Reached skill level 1 in Transmutations
  2013 | D:3      | Reached skill level 1 in Ice Magic
  2013 | D:3      | Reached skill level 1 in Air Magic
  2013 | D:3      | Reached skill level 1 in Earth Magic
  2013 | D:3      | Reached skill level 1 in Poison Magic
  2930 | D:4      | Noticed an ogre
  3101 | D:4      | Reached XP level 5. HP: 20/47 MP: 4/9
  3352 | D:4      | Found a glowing drain.
  3366 | Sewer    | Entered a sewer
  4062 | Sewer    | Reached XP level 6. HP: 51/53 MP: 4/11
  5246 | D:4      | Reached XP level 7. HP: 30/60 MP: 3/12
  5901 | D:5      | Entered Level 5 of the Dungeon
  6006 | D:5      | Identified the +11 quarterstaff "Denkuiq" {drain, Stlth+}
  6030 | D:5      | Noticed Grinder
  6036 | D:5      | Killed Grinder
  6161 | D:5      | Found an ancient bone altar of Kikubaaqudgha.
  6542 | D:5      | Reached XP level 8. HP: 67/67 MP: 9/14
  6746 | D:6      | Noticed Prince Ribbit
  6753 | D:6      | Killed Prince Ribbit
  6965 | D:6      | Noticed Eustachio
  6989 | D:6      | Lost dexterity.
  7000 | D:6      | HP: 1/67 [river rat[Eustachio] (9)]
  7001 | D:6      | Slain by a river rat

Illustrated notes

Levels and vault maps discovered:
D:1:      dpeg_arrival_arbitrary_c, layout_basic, minmay_misc_feat_alley,
          nicolae_grassy_gnolls
D:2:      layout_basic, ebering_ecumenical_altar_webs, minmay_fractal_squares_5
D:3:      layout_basic, uniq_jessica
D:4:      nicolae_cairo_tiling_very_big, layout_loops_ring,
          gup_sewer_entry_bubbles
D:5:      layout_rooms, mainiacjoe_overflow_alcove_4,
          kennysheep_opposing_triangles, uniq_grinder
D:6:      layout_loops_cross, uniq_sigmund, uniq_eustachio, uniq_prince_ribbit1

Skill      XL: |  1  2  3  4  5  6  7 |
---------------+----------------------+-----
Short Blades   | 1 2 3 |  3.4
Long Blades    | 1 2 3 |  3.4
Maces & Flails | 1 2 3 |  3.4
Polearms       | 1 2 3 |  3.4
Staves         | 1 2 3 |  3.4
Ranged Weapons | 1 2 3 |  3.4
Throwing       | 1 2 3 |  3.4
Armour         | 1 2 3 |  3.4
Dodging        | 1 2 3 |  3.4
Stealth        | 1 2 3 |  3.4
Shields        | 1 2 3 |  3.4
Unarmed Combat | 1 2 3 |  3.4
Invocations    | 1 2 3 |  3.8
Evocations     | 1 2 3 |  3.4
Spellcasting   | 3 4 |  4.5
Conjurations   | 1 2 |  2.8
Hexes          | 1 2 |  2.8
Summonings     | 1 2 |  2.8
Necromancy     | 1 2 |  2.8
Translocations | 1 2 |  2.8
Transmutations | 1 2 |  2.8
Ice Magic      | 1 2 |  2.8
Air Magic      | 1 2 |  2.8
Earth Magic    | 1 2 |  2.8
Poison Magic   | 1 2 |  2.8
Fighting       | 7 |  7.4
Axes           | 7 |  7.4
Fire Magic     | 6 |  6.2

Action                   |  1- 3 |  4- 6 |  7- 9 || total
-------------------------+-------+-------+-------++-------
Melee: Hand axe          |    58 |   112 |    52 ||   222
       Bite              |     5 |     4 |     3 ||    12
       Punch             |       |     2 |       ||     2
 Cast: Scorch            |     1 |    67 |    34 ||   102
Invok: Fiery Armour      |     1 |     1 |       ||     2
       Foxfire Swarm     |       |       |     2 ||     2
  Use: Potion            |       |       |     1 ||     1
 Stab: Sleeping          |       |     1 |       ||     1
Armor: Robe              |    22 |    29 |    21 ||    72
Dodge: Dodged            |    40 |    94 |    58 ||   192
